 Dungeon Crawl Stone Soup version 0.18-a0-1560-ge216ca8 (webtiles) character file.

16 Edralo the Digger (level 2, 0/15 HPs)
             Began as a Gargoyle Earth Elementalist on Mar 12, 2016.
             Slain by a jackal (2 damage)
             ... on level 1 of the Dungeon.
             The game lasted 00:09:32 (719 turns).

Edralo the Digger (Gargoyle Earth Elementalist)      Turns: 719, Time: 00:09:32

Health: 0/15       AC:  4    Str: 11    XL:     2   Next: 54%
Magic:  1/5        EV: 12    Int: 15    God:
Gold:   156        SH:  0    Dex: 10    Spells: 1 memorised, 4 levels left

rFire  . . .     SeeInvis .     n - +0 mace
rCold  . . .     Gourm    .     a - +0 robe
rNeg   + . .     Faith    .     (no shield)
rPois  ∞         Spirit   .     (no helmet)
rElec  +         Dismiss  .     (no cloak)
rCorr  .         Reflect  .     (no gloves)
SustAt .         Harm     .     (no boots)
MR     .....                    (no amulet)
Stlth  ++........               (no ring)
                                (no ring)

@: not resistant to hostile enchantments, unstealthy
A: negative energy resistance 1, electricity resistance, unbreathing,
petrification resistance, rot immunity, AC +2
a: no special abilities


You were on level 1 of the Dungeon.
You were not hungry.

You visited 1 branch of the dungeon, and saw 1 of its levels.

You collected 156 gold pieces.

Inventory:

Hand Weapons
 n - a +0 mace (weapon)
Missiles
 b - 80 stones (quivered)
Armour
 a - a +0 robe (worn)
 k - a +0 pair of gloves
Jewellery
 o - a cursed ring of teleportation {unknown}
Scrolls
 i - a scroll of teleportation {unknown}
 m - a scroll of blinking {unknown}
Potions
 f - a potion of curing {unknown}
 g - a potion of might {unknown}
 h - a potion of flight {unknown}
 j - a potion of cancellation {unknown}
 l - a potion of heal wounds {unknown}
 p - a potion of mutation {unknown}
Books
 c - a book of Geomancy

   Spells                             Type                      Level
   a - Sandblast                      Earth                        1
   b - Passwall                       Transmutation/Earth          2
   c - Stone Arrow                    Conjuration/Earth            3
   d - Petrify                        Transmutation/Earth          4
   e - Lee's Rapid Deconstruction     Earth                        5
Comestibles
 d - 2 bread rations


   Skills:
 + Level 1.6 Dodging
 + Level 2.2 Stealth
 + Level 2.3 Spellcasting
   Level 0.7 Transmutations
 + Level 4.1 Earth Magic


You had 4 spell levels left.
You knew the following spells:

 Your Spells              Type           Power        Failure   Level  Hunger
a - Sandblast             Erth           ##....       4%          1    #......


Dungeon Overview and Level Annotations

Branches:
Dungeon (1/15)

Altars:


Innate Abilities, Weirdness & Mutations

You are resistant to torment.
Your stone body is resilient (AC +2).
You are immune to poison.
You resist negative energy.
You are resistant to electric shocks.
You can survive without breathing.
You are immune to petrification.
You are immune to rotting.


Message History

Here: a jackal The floor.
Really attack barehanded? [Y]es or [N]o only, please.
Really attack barehanded?
Okay, then.
Wear which item? (? for menu, Esc to quit)
Okay, then.
Wield which item (- for none, * to show all)? (? for menu, Esc to quit)
n - a +0 mace (weapon)
You barely miss the jackal. The jackal bites you.
* * * LOW HITPOINT WARNING * * *
The jackal barely misses you.
You closely miss the jackal. The jackal barely misses you.
The jackal bites you.
* * * LOW HITPOINT WARNING * * *
As you read the scroll labeled WIDDAS SICYSCH, it crumbles to dust.
You feel blessed for a moment.
It was a scroll of remove curse.
The jackal closely misses you. The jackal bites you.
You die...

#.######...# ##.#
##.## #r.# .##
#h## # #h# #h#
#.# #.#########
#.rhhhh@..#
#########.# #.#
#.# #.# #.#
###########†#
#...........#
#####.###########


You could see 4 jackals and a rat.

Vanquished Creatures
  3 hobgoblins (D:1)
  4 bats (D:1)
  A giant newt (D:1)
  2 goblins (D:1)
  2 kobolds (D:1)
  6 rats (D:1)
18 creatures vanquished.

Notes
Turn   | Place    | Note
--------------------------------------------------------------
     0 | D:1      | Edralo the Gargoyle Earth Elementalist began the quest for the Orb.
     0 | D:1      | Reached XP level 1. HP: 10/10 MP: 3/3
   278 | D:1      | Reached skill level 4 in Earth Magic
   315 | D:1      | Reached XP level 2. HP: 15/15 MP: 3/5
   719 | D:1      | Slain by a jackal

Vault maps used:
D:1:      dpeg_arrival_ratfight, hangedman_decor_push

Skill      XL: |  1 |
---------------+----+-----
Earth Magic    | 4 |  4.1
Dodging        | |  1.6
Stealth        | |  2.2
Spellcasting   | |  2.3
Transmutations | |  0.7

Action                   || total
-------------------------++-------
Melee: Unarmed           ||    16
       Mace              ||     2
 Cast: Sandblast         ||    35
  Use: Scroll            ||     1
